 Dungeon Crawl Stone Soup version 0.24.0-123-gd5b16e6ec5 (webtiles) character file.

Game seed: 5130005850243246806, levelgen mode: deterministic

112 MisterOstroum the Slasher (level 4, 0/42 HPs)
             Began as a Deep Elf Berserker on Jan 29, 2020.
             Was a Believer of Trog.
             Slain by a frilled lizard (1 damage)
             ... on level 2 of the Dungeon.
             The game lasted 00:02:52 (2254 turns).

MisterOstroum the Slasher (Deep Elf Berserker)      Turns: 2254, Time: 00:02:53

Health: 0/42       AC:  2    Str: 25    XL:     4   Next: 64%
Magic:  6/6        EV: 13    Int: 12    God:    Trog [**....]
Gold:   103        SH:  0    Dex: 14    Spells: 3/3 levels left

rFire    . . .     SeeInvis .   a - +0 falchion
rCold    . . .     Gourm    .   (no shield)
rNeg     . . .     Faith    .   b - +0 animal skin
rPois    .         Spirit   .   (no helmet)
rElec    .         Reflect  .   (no cloak)
rCorr    .         Harm     .   (no gloves)
MR       .....                  (no boots)
Stlth    ..........             (no amulet)
HPRegen  0.14/turn              r - +5 ring of strength
MPRegen  0.10/turn              j - ring of stealth

@: berserking (expiring), lethally poisoned (0 -> -4), hasted, very quick
A: no striking features
a: Berserk, Trog's Hand, Renounce Religion


You were on level 2 of the Dungeon.
You worshipped Trog.
Trog was pleased with you.
You were not hungry.

You visited 1 branch of the dungeon, and saw 2 of its levels.

You collected 103 gold pieces.

Inventory:

Hand Weapons
 a - a +0 falchion (weapon)
 k - a cursed -2 dagger
Missiles
 f - 24 bolts
 o - 9 arrows
Armour
 b - a +0 animal skin (worn)
Jewellery
 j - a ring of stealth (right hand)
 r - a +5 ring of strength (left hand)
Scrolls
 g - 3 scrolls of fog
 i - a scroll of fear {unknown}
 p - a scroll of amnesia {unknown}
 s - a scroll of magic mapping {unknown}
Potions
 c - a potion of ambrosia {unknown}
 d - a potion of invisibility {unknown}
 h - a potion of heal wounds {unknown}
 l - a potion of magic {unknown}
 m - a potion of curing {@q1 !q}
 q - 2 potions of mutation {unknown}
Comestibles
 e - 4 rations


   Skills:
 + Level 3.0 Fighting
 + Level 3.9 Long Blades
 - Level 1.5 Armour
 + Level 3.5 Dodging
 * Level 1.1 Stealth


You had 3 spell levels left.
You didn't know any spells.
Your spell library was empty.

Dungeon Overview and Level Annotations

Branches:
Dungeon (2/15)

Altars:

Annotations:
D:2 Robin


Message History

You slash the goblin!
You kill the goblin!
Trog accepts your kill.
You slash the kobold!
You kill the kobold!
Trog accepts your kill. The hobgoblin misses you.
You slice the hobgoblin!!
You kill the hobgoblin!
Trog accepts your kill.
You are no longer berserk.
You are exhausted.
You feel yourself slow down.
The goblin shoots a stone.
The stone barely misses you.
You feel the effects of Trog's Hand fading.
You see here a stone.
You hit the hobgoblin.
The hobgoblin is almost dead.
The goblin unwields a +0 hunting sling.
The goblin closely misses you. The hobgoblin misses you.
Robin hits you from afar with a +2 trident of piercing.
The hobgoblin barely misses you.
You riposte.
You hit the hobgoblin.
You kill the hobgoblin!
Trog accepts your kill. The goblin closely misses you.
You closely miss the goblin.
Robin roars a battlecry!
The goblin goes into a battle-frenzy!
The adder bites you.
You are poisoned.
The adder poisons you! The goblin hits you. Robin closely misses you.
The adder closely misses you. The goblin hits you.
* * * LOW HITPOINT WARNING * * *
You feel sick. The adder closely misses you. Robin misses you.
Really quaff
m - 3 potions of curing {@q1 !q}?
Okay, then.
Really quaff
n - a potion of haste {@q4 !q}?
You feel yourself speed up.
Your skin stops crawling.
You feel less resistant to hostile enchantments.
* * * LOW HITPOINT WARNING * * *
You feel sick. The adder bites you.
* * * LOW HITPOINT WARNING * * *
Robin throws the goblin at you! The adder bites you.
* * * LOW HITPOINT WARNING * * *
You are more poisoned.
The adder poisons you! The goblin completely misses you.
You riposte.
You slash the goblin!
You kill the goblin!
Trog accepts your kill.
Really quaff
m - 3 potions of curing {@q1 !q}?
You feel better. The adder misses you.
You riposte.
You closely miss the adder. Robin misses you. The adder barely misses you.
The adder barely misses you.
You riposte.
You barely miss the adder. The adder bites you.
* * * LOW HITPOINT WARNING * * *
You miss the adder. The adder misses you. Robin misses you.
The adder bites you.
* * * LOW HITPOINT WARNING * * *
You feel yourself speed up.
Really quaff
m - 2 potions of curing {@q1 !q}?
You feel better. The adder closely misses you.
You recover from your berserk rage.
A red film seems to cover your vision as you go berserk!
You feel yourself moving faster!
You feel mighty!
You are starving!
You hit the adder.
The adder is heavily wounded.
The adder closely misses you.
You riposte.
You are fainting from starvation!
You miss the adder.
The adder is heavily wounded.
You miss the adder.
The adder is heavily wounded.
The adder misses you.
You barely miss the adder.
The adder is heavily wounded.
The adder completely misses you.
You eat one of the 5 rations.
That ration really hit the spot!
The adder bites you.
* * * LOW HITPOINT WARNING * * *
You are poisoned.
The adder poisons you!
You slash the adder!
You kill the adder!
Trog accepts your kill.
Your Stealth skill increases to level 1!
You feel sick.
Robin hits you with a +2 trident of piercing!
* * * LOW HITPOINT WARNING * * *
x2 You hit Robin but do no damage.
You are too berserk!
Unknown command.
You are too berserk!
You hit Robin.
Robin is moderately wounded.
* * * LOW HITPOINT WARNING * * *
You feel sick. Robin barely misses you. The frilled lizard bites you.
You die...

....####...................##l...
....# #............#......##....
....####.!...####...####+####....
.####.#.###..# ##.....#.........
.# #.#.## #..# #..........####.
.# ##.#.# #..#####...g≈l≈≈≈≈≈≈≈..
.###[#.####.......#.##≈#≈≈≈≈≈#≈..
....####........gl#..#≈#≈###≈# ..
....# #........@)##..≈#≈≈≈≈≈# .
....####....#.....#...≈≈≈≈≈≈≈≈≈#
............#.....#.#..........#
............#.....#.......#....#
............#..........#..#....#
............#..........#.....(..
.....................<..........
.....................##.....(..S
........................>.#


You could see Robin and a frilled lizard.

Vanquished Creatures
  Jessica (D:2)
  An adder (D:2)
  2 oozes (D:1)
  A worm (D:2)
  2 dart slugs
  A leopard gecko (D:1)
  5 bats
  2 giant cockroaches
  10 goblins
  14 hobgoblins
  A jackal (D:1)
  6 kobolds
  A ball python (D:1)
  2 frilled lizards (D:2)
  6 rats
55 creatures vanquished.

Notes
Turn   | Place    | Note
-------+----------+-------------------------------------------
     0 | D:1      | MisterOstroum the Deep Elf Berserker began the quest for
                  | the Orb.
     0 | D:1      | Reached XP level 1. HP: 13/13 MP: 3/3
   183 | D:1      | Reached XP level 2. HP: 8/18 MP: 4/4
   980 | D:1      | Reached XP level 3. HP: 22/22 MP: 5/5
  1694 | D:2      | Reached ** piety under Trog
  1866 | D:2      | Noticed Jessica
  1879 | D:2      | Killed Jessica
  1879 | D:2      | Reached XP level 4. HP: 23/27 MP: 6/6
  2190 | D:2      | Noticed Robin
  2221 | D:2      | HP: 1/28 [adder (1)]
  2251 | D:2      | Reached skill level 1 in Stealth
  2252 | D:2      | HP: 2/42 [Robin/+2 trident of piercing (2)]
  2254 | D:2      | Slain by a frilled lizard

Levels and vault maps discovered:
D:1:      minmay_arrival_wavy_path, layout_basic, minmay_hexomino_c4
D:2:      layout_basic, minmay_crystal_water, minivault_24,
          minmay_tree_intersection, uniq_robin, uniq_jessica

Skill      XL: |  1  2  3  4 |
---------------+-------------+-----
Long Blades    | 3 |  3.9
Dodging        | 3 |  3.5
Fighting       | 3 |  3.0
Stealth        | 1 |  1.1
Armour         | |  1.5

Action                   |  1- 3 |  4- 6 || total
-------------------------+-------+-------++-------
Melee: Falchion          |   103 |    28 ||   131
Invok: Berserk           |     2 |     2 ||     4
       Trog's Hand       |       |     1 ||     1
  Use: Scroll            |     4 |       ||     4
       Potion            |       |     3 ||     3
 Stab: Sleeping          |       |     1 ||     1
  Eat: Chunk             |     5 |     1 ||     6
       Ration            |       |     1 ||     1
Armor: Animal skin       |    15 |     3 ||    18
Dodge: Dodged            |    67 |    40 ||   107
       Rpst.: Falchion   |    30 |    14 ||    44
